Map: Ruins of Endion

Players

Hydra - Winner!

  • Race: Zerg Zerg

Bails

  • Race: Protoss Protoss

Event: DreamHack Open Tours WCS Spring Championship

VOD

Have the link to the VOD?

Description

Time

  • Played on: May 14, 2016, 10:57 a.m.
  • Length: 9:35

All games in this series

Show
View Real Time Build Order
Export as new Build Order

Hydra Zerg - Winner!

Build Orders: Hatch First, Lurkers 

Get SALT Encoding   

  12  0:00  Drone  
  13  0:12  Overlord  
  13  0:17  Drone  
  14  0:30  Drone x2  
  14  0:34  Drone  
  17  0:51  Drone  
  18  0:57  Drone  
  18  1:00  Hatchery  
  18  1:05  Extractor  
  18  1:07  Drone  
  18  1:16  Spawning Pool  
  17  1:20  Drone  
  18  1:28  Drone  
  19  1:39  Drone  
  20  1:50  Drone  
  21  2:00  Overlord  
  21  2:03  Queen, Extractor  
  21  2:06  Metabolic Boost  
  23  2:12  Queen, Zergling x2  
  23  2:14  Zergling x2  
  27  2:21  Drone  
  27  2:22  Drone  
  29  2:32  Drone  
  29  2:33  Drone  
  31  2:42  Pneumatized Carapace  
  31  2:48  Drone  
  32  2:52  Drone  
  32  2:55  Overlord  
  32  2:57  Drone  
  34  3:07  Zergling x4  
  35  3:14  Zergling x6  
  35  3:18  Drone  
  38  3:21  Drone x3  
  38  3:22  Zergling x2  
  38  3:24  Queen  
  43  3:29  Overlord  
  43  3:39  Lair  
  43  3:47  Hatchery  
  43  3:48  Drone x2  
  44  3:49  Drone  
  44  3:50  Drone  
  44  3:51  Drone  
  44  3:54  Drone  
  44  3:55  Drone  
  49  3:59  Overlord  
  49  4:01  Drone  
  50  4:03  Drone  
  50  4:06  Extractor  
  50  4:07  Extractor  
  49  4:10  Drone x2  
  49  4:12  Extractor  
  49  4:13  Overlord  
  50  4:18  Drone  
  51  4:25  Drone  
  51  4:26  Roach Warren, Drone  
  51  4:27  Drone  
  51  4:28  Drone  
  54  4:39  Spire  
  54  4:40  Zergling x4  
  54  4:41  Zergling x2  
  54  4:44  Zergling x2  
  57  4:47  Zergling x4  
  57  4:51  Zergling x2  
  60  5:01  Overlord x2  
  60  5:04  Drone x3  
  63  5:08  Roach  
  63  5:11  Drone  
  63  5:12  Drone x2  
  68  5:15  Drone x2  
  69  5:24  Overlord x2  
  69  5:29  Overlord  
  69  5:34  Drone  
  70  5:40  Drone x2  
  72  5:44  Drone x2  
  72  5:47  Extractor  
  73  5:51  Mutalisk x3  
  73  5:55  Mutalisk x4  
  87  5:58  Mutalisk  
  87  6:02  Drone x2  
  91  6:05  Hydralisk Den  
  91  6:07  Drone  
  91  6:11  Drone  
  92  6:13  Evolution Chamber  
  92  6:15  Drone x3  
  92  6:17  Extractor  
  93  6:19  Overlord  
  93  6:23  Drone x3  
  93  6:24  Drone  
  97  6:28  Overlord  
  97  6:36  Lurker Den  
  97  6:38  Drone  
  98  6:49  Zerg Missile Weapons Level 1  
  98  6:50  Drone x3  
  98  6:54  Overlord x3  
  99  7:04  Hydralisk x4  
  105  7:09  Hydralisk x2  
  105  7:14  Hydralisk x2  
  113  7:18  Hydralisk  
  115  7:24  Hydralisk, Hatchery  
  115  7:25  Hydralisk x2  
  115  7:28  Hydralisk x2  
  122  7:31  Overlord  
  122  7:32  Overseer  
  122  7:37  Hydralisk x2  
  122  7:42  Spore Crawler  
  125  7:49  Hydralisk x2  
  128  8:03  Lurker x5  
  133  8:06  Lurker, Zergling x2  
  133  8:07  Zergling x26  
  148  8:20  Overlord x4  
  144  8:40  Hydralisk x8  
  153  8:45  Hydralisk x2  
  144  8:56  Hydralisk x3  
  144  8:59  Hydralisk  
  144  9:01  Zergling x6  
  144  9:11  Hydralisk  
Show
View Real Time Build Order
Export as new Build Order

Bails Protoss 

Build Orders: 1 Gate Expand 

Get SALT Encoding   

  12  0:00  Probe (Chrono Boost)  
  13  0:11  Probe (Chrono Boost)  
  14  0:18  Pylon  
  14  0:22  Probe (Chrono Boost)  
  15  0:37  Probe (Chrono Boost)  
  15  0:39  Gateway  
  16  0:47  Probe (Chrono Boost)  
  16  0:49  Assimilator  
  17  0:58  Probe (Chrono Boost)  
  18  1:08  Probe (Chrono Boost)  
  19  1:19  Probe (Chrono Boost)  
  20  1:29  Nexus  
  20  1:39  Cybernetics Core  
  20  1:44  Probe (Chrono Boost)  
  21  1:49  Pylon  
  21  1:53  Assimilator  
  21  2:03  Pylon  
  21  2:04  Probe (Chrono Boost)  
  22  2:14  Probe (Chrono Boost)  
  23  2:16  Adept (Chrono Boost)  
  23  2:18  Warp Gate  
  25  2:26  Probe  
  26  2:38  Probe  
  26  2:40  Probe, Adept (Chrono Boost)  
  30  2:45  Cybernetics Core  
  30  2:50  Probe (Chrono Boost)  
  30  2:51  Probe (Chrono Boost)  
  31  3:02  Probe (Chrono Boost)  
  31  3:05  Robotics Facility  
  32  3:10  Probe (Chrono Boost)  
  32  3:12  Sentry  
  35  3:14  Probe (Chrono Boost)  
  36  3:26  Probe (Chrono Boost)  
  37  3:30  Probe (Chrono Boost)  
  37  3:33  Gateway  
  38  3:37  Mothership Core (Chrono Boost)  
  38  3:40  Sentry  
  38  3:41  Probe (Chrono Boost)  
  43  3:44  Pylon  
  43  3:51  Probe (Chrono Boost)  
  43  3:54  Warp Prism (Chrono Boost)  
  46  4:00  Probe  
  46  4:02  Pylon  
  47  4:03  Probe  
  48  4:12  Probe (Chrono Boost), Gateway  
  48  4:13  Probe (Chrono Boost)  
  50  4:24  Probe x2, Adept  
  53  4:26  Immortal (Chrono Boost)  
  58  4:33  Pylon, Sentry  
  58  4:34  Assimilator  
  60  4:38  Pylon  
  60  4:42  Probe  
  61  4:48  Twilight Council  
  61  4:54  Probe, Sentry  
  61  4:55  Probe  
  63  5:02  Immortal (Chrono Boost)  
  63  5:04  Probe  
  69  5:07  Probe, Pylon  
  69  5:10  Stalker  
  71  5:15  Probe  
  71  5:18  Stargate  
  71  5:19  Probe  
  73  5:23  Pylon  
  73  5:25  Probe  
  74  5:31  Probe, Assimilator  
  75  5:36  Probe  
  75  5:40  Observer (Chrono Boost)  
  77  5:43  Probe  
  77  5:46  Probe  
  77  5:48  Blink (Chrono Boost)  
  79  5:55  Probe  
  80  5:57  Probe  
  80  5:58  Nexus  
  80  6:01  Phoenix  
  80  6:02  Pylon  
  83  6:07  Probe  
  83  6:08  Probe  
  85  6:14  Stargate  
  85  6:17  Forge, Pylon  
  85  6:19  Probe x2  
  85  6:22  Stalker  
  89  6:27  Pylon  
  89  6:29  Probe, Phoenix (Chrono Boost)  
  92  6:33  Stalker  
  93  6:40  Probe  
  93  6:44  Probe  
  92  6:52  Probe, Phoenix (Chrono Boost)  
  95  6:56  Probe  
  95  6:57  Phoenix (Chrono Boost)  
  98  7:04  Probe  
  98  7:05  Protoss Ground Weapons Level 1  
  98  7:08  Probe x2  
  101  7:16  Probe  
  101  7:18  Probe  
  101  7:19  Phoenix (Chrono Boost)  
  101  7:20  Probe  
  101  7:21  Phoenix (Chrono Boost)  
  107  7:28  Probe  
  107  7:29  Probe, Stalker x2  
  112  7:32  Probe  
  114  7:38  Assimilator  
  114  7:40  Probe x2, Assimilator, Gateway  
  114  7:43  Gateway  
  116  7:44  Probe  
  116  7:46  Immortal (Chrono Boost)  
  121  7:51  Stalker  
  121  7:55  Pylon  
  123  8:00  Probe  
  123  8:02  Probe, Photon Cannon  
  123  8:03  Pylon  
  123  8:04  Photon Cannon  
  125  8:06  Photon Cannon x2  
  123  8:14  Robotics Facility  
  123  8:17  Probe  
  119  8:24  Observer (Chrono Boost)  
  119  8:26  Stalker x3  
  119  8:27  Probe x2  
  123  8:31  Probe  
  120  8:37  Probe  
  120  8:39  Probe  
  117  8:42  Stalker  
  117  8:43  Stalker, Observer (Chrono Boost)  
  117  8:44  Probe  
  119  8:48  Probe  
  119  8:51  Stalker x2, Mothership Core  
  105  8:56  Probe  
  105  8:59  Probe  
  80  9:08  Probe  
  80  9:09  Probe  
  73  9:10  Zealot x2  
  73  9:11  Probe  
  78  9:20  Probe x2  
  78  9:21  Probe  
  71  9:27  Zealot  

Tags
 
Add a new tag
Caveats
  • Supply blocks, unpowered buildings, or Contaminate may cause inaccurate times.
  • Supply counts are checked every 10 seconds.